 Dungeon Sprint DCSS version 0.27.1-34-g3ba077fa99 (webtiles) character file.

Game seed: 13188514641620341992

57705 Arum the Slayer (level 15, -3/145 HPs)
             Began as a Formicid Fighter on Jan 15, 2022.
             Was the Champion of Okawaru.
             Killed by the air
             ... invoked by a spriggan air mage
              (19 damage)
             ... in the Dungeon (Sprint IX: "|||||||||||||||||||||||||||||").
             The game lasted 00:16:00 (5536 turns).

Arum the Slayer (Formicid Fighter)                  Turns: 5536, Time: 00:16:01

Health: -3/145     AC: 13    Str: 27    XL:     15   Next: 27%
Magic:  18/21      EV: 18    Int: 12    God:    Okawaru [******]
Gold:   1919       SH: 15    Dex: 15    Spells: 14/14 levels left

rFire    + . .     SeeInvis +   B - +7 quarterstaff of Hell's Wrath {vorpal, *Rage Int+4 Dex+2}
rCold    . . .     Faith    .   C - +0 kite shield {reflect}
rNeg     . . .     Spirit   .   x - +0 swamp dragon scales
rPois    +         Reflect  +   (helmet unavailable)
rElec    .         Harm     .   l - +0 cloak
rCorr    .         Rampage  .   t - +0 pair of gloves {Dex+3}
Will     ++...                  (no boots)
Stlth    +.........             (no amulet)
HPRegen  0.34/turn              v - ring of protection from fire
MPRegen  0.17/turn              u - ring of willpower

@: mighty, finesse-ful, corroded
A: permanent stasis, dig shafts and tunnels, antennae 3, four strong arms
a: Dig, Renounce Religion, Heroism, Finesse


You were in the Dungeon.
You worshipped Okawaru.
Okawaru was exalted by your worship.
You visited 1 branch You collected 1919 gold pieces.

Inventory:

Hand Weapons
 k - a +4 quarterstaff of speed
 w - a +3 lajatang
 B - the +7 quarterstaff of Hell's Wrath (weapon) {vorpal, *Rage Int+4 Dex+2}
   (Okawaru gifted it to you in the Dungeon)

   It inflicts extra damage upon your enemies.
   Int:       It affects your intelligence (+4).
   Dex:       It affects your dexterity (+2).
   *Rage:     It may make you go berserk in combat.
Missiles
 b - 8 javelins
 n - a throwing net
Armour
 c - a +4 kite shield
 l - a +0 cloak (worn)
 m - a +1 scale mail
 r - a +1 pair of gloves of archery
 t - a +0 pair of gloves of dexterity (worn)
 x - +0 swamp dragon scales (worn)
 y - +1 fire dragon scales
 z - a +1 tower shield
 C - a +0 kite shield of reflection (worn)
 D - a +2 kite shield of positive energy
Jewellery
 u - a ring of willpower (right hand)
 v - a ring of protection from fire (left hand)
Wands
 j - a wand of acid (4)
 s - a wand of paralysis (3)
Scrolls
 i - 2 scrolls of amnesia
 q - 3 scrolls of identify
 A - a scroll of fear
Potions
 a - a potion of attraction
 e - 6 potions of curing
 g - 4 potions of magic
 h - a potion of invisibility
 o - a potion of lignification {unknown}
 p - a potion of brilliance


   Skills:
 + Level 21.6 Fighting
 - Level 20.1 Staves
 + Level 0.0 Throwing
 + Level 21.5 Armour
 + Level 12.6 Dodging
 - Level 15.0 Shields
 - Level 8.0 Invocations


You had 14 spell levels left.
You didn't know any spells.
Your spell library was empty.

Dungeon Overview and Level Annotations

Branches:
Dungeon (1/1)

Altars:
Cheibriados
Dithmenos
Elyvilon
Fedhas
Gozag
Hepliaklqana
Kikubaaqudgha
Makhleb
Nemelex Xobeh
Okawaru
Qazlal
Ru
Sif Muna
Trog
Uskayaw
Vehumet
Wu Jian
Xom
Yredelemnul
Zin
The Shining One
Beogh
Jiyva
Lugonu

Shops:
D ::((


Innate Abilities, Weirdness & Mutations

You cannot be hasted, slowed, berserked, paralysed or teleported.
You can dig through walls and to a lower floor.
You have a pair of large antennae on your head. (SInv)
Your four strong arms can wield two-handed weapons with a shield.


Message History

The fire dragon is moderately wounded.
A spriggan air mage comes into view.
The spriggan air mage shouts!
You thump the fire dragon!
The fire dragon is heavily wounded.
You bludgeon the fire dragon!!
The fire dragon is severely wounded.
The glowing orange brain pulsates.
You are confused.
The fire dragon breathes flames at you.
The blast of flame hits the fire dragon.
The fire dragon resists.
The blast of flame hits you! You resist.
* * * LOW HITPOINT WARNING * * *
The fire dragon misses you.
The fire dragon claws you but does no damage.
The fire dragon misses you.
You're too confused to move!
The fire dragon barely misses you.
The fire dragon claws you but does no damage.
The fire dragon tramples you but does no damage.
You sock the fire dragon!
The fire dragon is almost dead.
You bump into the unnaturally hard rock wall.
The fire dragon breathes flames at you. The blast of flame hits you!
You resist.
* * * LOW HITPOINT WARNING * * *
You barely miss the fire dragon.
The fire dragon is almost dead.
Unknown command.
You feel better.
You feel like a meek peon again. You block the fire dragon's attack.
The fire dragon claws you.
* * * LOW HITPOINT WARNING * * *
You block the fire dragon's attack.
A rakshasa comes into view. It is wielding a +0 whip.
You sock the fire dragon!
You kill the fire dragon!
Okawaru is honoured by your kill.
The spriggan air mage waves its arms in wide circles.
The air twists around and strikes you!!
You die...

▓.▓.▓.▓.▓=▓.▓.▓.▓.
▓.▓.▓.▓.▓.▓.▓.▓.▓.
▓.▓.▓.▓.▓.▓.▓.▓.▓!
▓.▓.▓.▓.▓=▓.▓'▓.▓(
▓.▓.▓=▓.▓.▓.▓)▓.▓.
▓.▓.▓'▓.▓)▓.▓)▓.▓(
▓.▓.▓.▓.▓)▓.▓)▓.▓.
▓'▓.▓.▓.▓)▓.▓)▓.▓.
▓@▓†▓.▓.▓)▓.▓)▓.▓.
▓D▓.▓.▓.▓)▓.▓)▓.▓?
▓(▓.▓.▓.▓)▓.▓)▓)▓(
▓C▓{▓.▓.▓.▓.▓)▓.▓†
▓G▓.▓.▓.▓)▓.▓)▓.▓†
▓i▓.▓.▓.▓.▓.▓)▓)▓[
▓R▓.▓.▓.▓[▓.▓)▓.▓.
▓.▓.▓'▓.▓.▓.▓)▓.▓.
▓.▓.▓.▓.▓.▓.▓.▓.▓.


You could see a fire giant, a fire dragon, a rakshasa, a glowing orange brain
and a spriggan air mage (repels missiles).

Vanquished Creatures
  Kirke (D)
  A storm dragon (D)
  Donald (D)
  A frost giant (D)
  A fire giant (D)
  2 ghost moths (D)
  3 very ugly things (D)
  2 stone giants (D)
  A spark wasp (D)
  2 bunyips (D)
  An eleionoma (D)
  A merfolk impaler (D)
  2 fire dragons (D)
  3 boulder beetles (D)
  2 naga warriors (D)
  Erolcha (D)
  A hydra (D)
  A merfolk avatar (D)
  2 ogre magi (D)
  An ice dragon (D)
  A centaur warrior (D)
  A death knight (D)
  A ghost crab (D)
  Erica (D)
  7 two-headed ogres (D)
  4 tengu warriors (D)
  2 anacondas (D)
  A deep troll earth mage (D)
  An orc high priest (D)
  A shock serpent (D)
  Sonja (D)
  A naga ritualist (D)
  A bog body (D)
  2 swamp dragons (D)
  A harpy (D)
  2 orb spiders (D)
  3 orc knights (D)
  3 ugly things (D)
  2 wolf spiders (D)
  A manticore (D)
  An elephant (D)
  2 cyclopes (D)
  A naga mage (D)
  A black mamba (D)
  2 water nymphs (D)
  Joseph (D)
  A moth of wrath (D)
  4 cane toads (D)
  An unseen horror (D)
  A demonic crawler (D)
  2 merfolk (D)
  A meliai (shapeshifter) (D)
  4 polar bears (D)
  A jumping spider (D)
  2 blink frogs (D)
  A slime creature (D)
  A snapping turtle (D)
  A spriggan (D)
  A wraith (D)
  Eustachio (D)
  2 tarantellas (D)
  3 hogs (D)
  Grum (D)
  2 vampire mosquitoes (D)
  A naga (D)
  5 water moccasins (D)
  10 orc warriors (D)
  4 black bears (D)
  5 ogres (D)
  A centaur (D)
  4 wolves (D)
  3 bullfrogs (D)
  A killer bee (D)
  An iguana (D)
  4 orc wizards (D)
  An ufetubus (D)
  9 orcs (D)
  A bat (D)
  A bat zombie (D)
  An endoplasm (D)
  2 goblins (D)
  A hobgoblin (D)
  A quokka skeleton (D)
  A quokka zombie (D)
162 creatures vanquished.

Vanquished Creatures (others)
  A spriggan druid (D)
  A hornet (D)
  A tyrant leech (D)
3 creatures vanquished.

Grand Total: 165 creatures vanquished

Notes
Turn   | Place    | Note
-------+----------+-------------------------------------------
     0 | D        | Arum the Formicid Fighter began the quest for the Orb.
     0 | D        | Reached XP level 1. HP: 18/18 MP: 1/1
    14 | D        | Reached XP level 2. HP: 22/25 MP: 2/2
    63 | D        | Reached skill level 5 in Shields
    63 | D        | Reached XP level 3. HP: 23/31 MP: 3/3
   268 | D        | Found a snail-covered altar of Cheibriados.
   268 | D        | Found a shadowy altar of Dithmenos.
   268 | D        | Found a white marble altar of Elyvilon.
   268 | D        | Found a blossoming altar of Fedhas.
   268 | D        | Found an opulent altar of Gozag.
   269 | D        | Found a hazy altar of Hepliaklqana.
   270 | D        | Found a viscous altar of Jiyva.
   271 | D        | Found an ancient bone altar of Kikubaaqudgha.
   272 | D        | Found a corrupted altar of Lugonu.
   273 | D        | Found a burning altar of Makhleb.
   274 | D        | Found a sparkling altar of Nemelex Xobeh.
   275 | D        | Found an iron altar of Okawaru.
   276 | D        | Found a stormy altar of Qazlal.
   277 | D        | Found a sacrificial altar of Ru.
   278 | D        | Found a shimmering blue altar of Sif Muna.
   279 | D        | Found a bloodstained altar of Trog.
   280 | D        | Found a hide-covered altar of Uskayaw.
   281 | D        | Found a radiant altar of Vehumet.
   282 | D        | Found an ornate altar of the Wu Jian Council.
   283 | D        | Found a shimmering altar of Xom.
   285 | D        | Became a worshipper of Warmaster Okawaru
   287 | D        | Found a basalt altar of Yredelemnul.
   288 | D        | Found a glowing silver altar of Zin.
   289 | D        | Found a glowing golden altar of the Shining One.
   342 | D        | Noticed an unseen horror
   342 | D        | Noticed a killer bee
   342 | D        | Noticed a two-headed ogre
   342 | D        | Noticed a wraith
   342 | D        | Noticed a vampire mosquito
   345 | D        | Killed an unseen horror
   345 | D        | Reached * piety under Okawaru
   345 | D        | Reached ** piety under Okawaru
   345 | D        | Killed a vampire mosquito
   346 | D        | Reached XP level 4. HP: 33/45 MP: 4/4
   346 | D        | Reached XP level 5. HP: 38/51 MP: 5/5
   346 | D        | Reached XP level 6. HP: 42/57 MP: 6/6
   346 | D        | Reached XP level 7. HP: 47/63 MP: 7/7
   349 | D        | Killed a two-headed ogre
   349 | D        | Reached *** piety under Okawaru
   349 | D        | Reached **** piety under Okawaru
   349 | D        | Received a gift from Okawaru
   350 | D        | Reached skill level 10 in Fighting
   350 | D        | Reached skill level 10 in Armour
   350 | D        | Reached XP level 8. HP: 54/72 MP: 5/8
   353 | D        | Killed a wraith
   456 | D        | Noticed a cyan ugly thing
   456 | D        | Noticed a manticore
   456 | D        | Noticed a tarantella
   456 | D        | Noticed a slime creature
   456 | D        | Noticed a cyclops
   464 | D        | Noticed a meliai
   464 | D        | a tarantella changed into a meliai
   466 | D        | Killed a cyan ugly thing
   467 | D        | Reached skill level 10 in Staves
   467 | D        | Reached XP level 9. HP: 81/81 MP: 6/9
   468 | D        | Killed a manticore
   468 | D        | Reached ***** piety under Okawaru
   471 | D        | Killed a meliai
   477 | D        | Killed a slime creature
   481 | D        | Killed a cyclops
   482 | D        | Reached XP level 10. HP: 90/90 MP: 7/10
   654 | D        | Noticed a seven-headed hydra
   654 | D        | Noticed a cane toad
   654 | D        | Noticed a cane toad
   654 | D        | Noticed a cane toad
   667 | D        | Killed a seven-headed hydra
   672 | D        | Killed a cane toad
   682 | D        | Killed a cane toad
   682 | D        | Received a gift from Okawaru
   695 | D        | Killed a cane toad
   696 | D        | Reached skill level 5 in Invocations
   701 | D        | Received a gift from Okawaru
   861 | D        | Noticed an elephant
   861 | D        | Noticed a cane toad
   875 | D        | Noticed a boulder beetle
   878 | D        | Killed an elephant
   882 | D        | Reached XP level 11. HP: 87/98 MP: 8/15
   902 | D        | Killed a boulder beetle
   922 | D        | Reached skill level 15 in Shields
  1115 | D        | Noticed Grum
  1126 | D        | Killed Grum
  1148 | D        | Noticed Joseph
  1164 | D        | Killed Joseph
  1245 | D        | Noticed Eustachio
  1271 | D        | Killed Eustachio
  1285 | D        | Noticed Erica
  1286 | D        | Noticed Erolcha
  1294 | D        | Killed Erica
  1295 | D        | Reached skill level 15 in Armour
  1310 | D        | Killed Erolcha
  1311 | D        | Reached skill level 15 in Fighting
  1346 | D        | Noticed an orc knight
  1373 | D        | Killed an orc knight
  1381 | D        | Reached XP level 12. HP: 97/110 MP: 9/18
  1387 | D        | Received a gift from Okawaru
  1480 | D        | Noticed an orc high priest
  1490 | D        | Killed an orc high priest
  1821 | D        | Found Bemeghud's Book Emporium.
  1821 | D        | Noticed an ogre mage
  1821 | D        | Noticed a two-headed ogre
  1821 | D        | Noticed a two-headed ogre
  1821 | D        | Noticed a two-headed ogre
  1825 | D        | Found Kyn Calona's Book Shoppe.
  1832 | D        | Killed an ogre mage
  1833 | D        | Reached skill level 15 in Staves
  1833 | D        | Noticed a two-headed ogre
  1842 | D        | Killed a two-headed ogre
  1843 | D        | Found Huynuim's Antique Weapon Emporium.
  1848 | D        | Killed a two-headed ogre
  1856 | D        | Killed a two-headed ogre
  1857 | D        | Found Tukliorph's Antique Weapon Shoppe.
  1864 | D        | Noticed an ogre mage
  1874 | D        | Killed a two-headed ogre
  1878 | D        | Noticed a two-headed ogre
  1881 | D        | Noticed a two-headed ogre
  1885 | D        | Killed an ogre mage
  1892 | D        | Killed a two-headed ogre
  1897 | D        | Killed a two-headed ogre
  2383 | D        | Noticed a death knight
  2383 | D        | Noticed a tengu warrior
  2383 | D        | Noticed a tengu warrior
  2394 | D        | Noticed a centaur warrior
  2399 | D        | Killed a death knight
  2400 | D        | Reached skill level 1 in Dodging
  2400 | D        | Reached XP level 13. HP: 67/121 MP: 11/19
  2413 | D        | Noticed a boulder beetle
  2416 | D        | Noticed an ice dragon
  2429 | D        | Identified the +4 longbow "Xintibux" {speed, rC- Str+6
                  | SInv} (Okawaru gifted it to you in the Dungeon)
  2429 | D        | Received a gift from Okawaru
  2435 | D        | Killed a centaur warrior
  2439 | D        | Noticed a fire dragon
  2444 | D        | Killed a boulder beetle
  2445 | D        | Noticed a stone giant
  2455 | D        | Noticed a red very ugly thing
  2469 | D        | Killed an ice dragon
  2476 | D        | Reached skill level 5 in Dodging
  2488 | D        | Killed a fire dragon
  2500 | D        | Killed a stone giant
  2509 | D        | Killed a red very ugly thing
  2509 | D        | Reached ****** piety under Okawaru
  2520 | D        | Identified the +7 quarterstaff of Hell's Wrath {vorpal,
                  | *Rage Int+4 Dex+2} (Okawaru gifted it to you in the
                  | Dungeon)
  2520 | D        | Received a gift from Okawaru
  2833 | D        | Noticed Donald
  2870 | D        | Killed Donald
  3009 | D        | Noticed a spark wasp
  3030 | D        | Killed a spark wasp
  3052 | D        | Reached XP level 14. HP: 26/133 MP: 14/20
  3633 | D        | Received a gift from Okawaru
  3676 | D        | HP: 6/135 [constriction (3)]
  3678 | D        | Reached skill level 10 in Dodging
  4082 | D        | Noticed a bunyip
  4096 | D        | Killed a bunyip
  4097 | D        | Noticed a bunyip
  4114 | D        | Killed a bunyip
  4453 | D        | Noticed a ghost moth
  4467 | D        | Killed a ghost moth
  5032 | D        | Noticed Sonja
  5106 | D        | Noticed a ghost moth
  5120 | D        | Killed a ghost moth
  5144 | D        | Noticed Kirke
  5148 | D        | Killed Sonja
  5148 | D        | Received a gift from Okawaru
  5255 | D        | Killed Kirke
  5468 | D        | Noticed a fire giant
  5468 | D        | Noticed a frost giant
  5468 | D        | Noticed a stone giant
  5468 | D        | Noticed a green very ugly thing
  5472 | D        | Noticed a cyan very ugly thing
  5473 | D        | Noticed a storm dragon
  5478 | D        | Killed a fire giant
  5479 | D        | Reached XP level 15. HP: 128/144 MP: 14/21
  5495 | D        | Killed a frost giant
  5501 | D        | Killed a stone giant
  5503 | D        | Noticed a fire giant
  5513 | D        | Killed a brown very ugly thing
  5518 | D        | Killed a brown very ugly thing
  5526 | D        | Killed a storm dragon
  5536 | D        | Killed from afar by a spriggan air mage

Illustrated notes

Levels and vault maps discovered:
D:        linesprint [early_d, line_temple, items_1, d_10, items_2, lair_1,
          lair_end, items_3, orc_1, orc_end, items_4, d_15, swamp_1, shoals_1,
          snake_1, spider_1, d_20, vaults_1, items_5, swamp_end, shoals_end,
          snake_end, spider_end, vaults_end, d_27, items_6, zot_1, zot_end,
          crypt_end, forest_end, elf_end, slime_end, tomb_end, abyss_end,
          pan_hell_end]

Skill      XL: |  1  2  3  4  5  6  7  8  9 10 11 12 13 14 15 |
---------------+----------------------------------------------+-----
Shields        | 4 5 9 11 12 13 14 15 | 15.0
Fighting       | 4 8 10 11 12 13 15 17 19 21 | 21.6
Staves         | 3 7 9 10 11 12 14 16 17 19 20 | 20.1
Armour         | 4 8 10 11 12 13 15 17 19 21 | 21.5
Invocations    | 6 8 |  8.0
Dodging        | 1 8 11 12 | 12.6

Action                   |  1- 3 |  4- 6 |  7- 9 | 10-12 | 13-15 || total
-------------------------+-------+-------+-------+-------+-------++-------
Melee: Quarterstaff      |    38 |       |    30 |   409 |   447 ||   924
       Unarmed           |       |       |       |       |    16 ||    16
Invok: Heroism           |       |       |     2 |    11 |     7 ||    20
       Finesse           |       |       |       |     9 |     5 ||    14
Evoke: Wand              |     2 |       |     2 |       |     4 ||     8
  Use: Scroll            |       |       |       |     6 |     1 ||     7
       Potion            |       |       |       |     2 |    10 ||    12
 Stab: Sleeping          |       |       |       |       |     1 ||     1
Armor: Scale mail        |    13 |       |     2 |    20 |       ||    35
       Swamp dragon scal |       |       |       |       |    43 ||    43
Dodge: Dodged            |    15 |       |     4 |    33 |   103 ||   155
Block: Kite shield       |    26 |       |     8 |   134 |   106 ||   274
       Tower shield      |       |       |       |     4 |    46 ||    50
       Reflection        |       |       |       |       |     3 ||     3
